 Dungeon Crawl Stone Soup version 0.27.0-1-g7a089689b8 (webtiles) character file.

Game seed: 6272555850401211612

14 zarnack the Shield-Bearer (level 2, -1/27 HPs)
             Began as a Minotaur Fighter on Aug 10, 2021.
             Slain by a water moccasin (5 damage)
             ... on level 4 of the Dungeon.
             The game lasted 00:02:52 (344 turns).

zarnack the Shield-Bearer (Minotaur Fighter)         Turns: 344, Time: 00:02:52

Health: -1/27      AC:  7    Str: 20    XL:     2   Next: 27%
Magic:  1/1        EV:  7    Int:  5    God:
Gold:   22         SH:  9    Dex:  9    Spells: 1/1 levels left

rFire    . . .     SeeInvis .   a - +0 long sword
rCold    . . .     Faith    .   c - +0 kite shield
rNeg     . . .     Spirit   .   b - +0 scale mail
rPois    .         Reflect  .   (helmet restricted)
rElec    .         Harm     .   (no cloak)
rCorr    .         Rampage  .   (no gloves)
Will     .....                  (no boots)
Stlth    ..........             (no amulet)
HPRegen  0.09/turn              (no ring)
MPRegen  0.07/turn              (no ring)

@: lethally poisoned (-1 -> -5)
A: horns 2, retaliatory headbutt
a: no special abilities


You were on level 4 of the Dungeon.
You visited 1 branch of the dungeon, and saw 4 of its levels.

You collected 22 gold pieces.

Inventory:

Hand Weapons
 a - a +0 long sword (weapon)
Armour
 b - a +0 scale mail (worn)
 c - a +0 kite shield (worn)
Potions
 d - a potion of might
 e - a potion of magic


   Skills:
 + Level 3.6 Fighting
 + Level 2.4 Long Blades
 + Level 4.0 Armour
 + Level 4.2 Shields


You had one spell level left.
You didn't know any spells.
Your spell library was empty.

Dungeon Overview and Level Annotations

Branches:
Dungeon (4/15)
 Temple: D:4-7

Altars:
Kikubaaqudgha


Innate Abilities, Weirdness & Mutations

You have a pair of horns on your head.
You reflexively headbutt those who attack you in melee.


Message History

You hit the ball python.
You kill the ball python!
Your Armour skill increases to level 4!
Found a dagger.
A water moccasin comes into view.
The water moccasin hisses angrily.
The water moccasin moves out of view.
Found a dagger and 2 scrolls labelled VAICA PIFUCKYD.
A water moccasin is nearby!
The water moccasin completely misses you.
You furiously retaliate!
You headbutt the water moccasin! You barely miss the water moccasin.
The water moccasin is heavily wounded.
The water moccasin bites you but does no damage. x2
You barely miss the water moccasin.
Your headbutt misses the water moccasin.
The water moccasin is heavily wounded.
The water moccasin bites you. x2
You are poisoned.
The water moccasin poisons you! The water moccasin closely misses you.
You closely miss the water moccasin.
The water moccasin is heavily wounded.
You feel very sick. The water moccasin bites you.
The water moccasin bites you but does no damage.
You slash the water moccasin!
Your headbutt misses the water moccasin.
The water moccasin is almost dead.
You feel very sick. The water moccasin bites you.
* * * LOW HITPOINT WARNING * * *
The water moccasin barely misses you.
You closely miss the water moccasin.
Your headbutt misses the water moccasin.
The water moccasin is almost dead.
* * * LOW HITPOINT WARNING * * *
You feel sick.
The water moccasin bites you but does no damage.
The water moccasin bites you.
You die...

#..... ....?.#
.......##
........#
........##
......)..#
.........#
.......@.#
......S..#
......##.##
#).### #..######
## ##..##..##
####......#
###.........#
###[..........#
##..............#


You could see a water moccasin.

Vanquished Creatures
  A worm (D:2)
  A bat (D:2)
  A goblin (D:1)
  2 hobgoblins
  A kobold (D:2)
  2 ball pythons
  2 frilled lizards (D:2)
10 creatures vanquished.

Notes
Turn   | Place    | Note
-------+----------+-------------------------------------------
     0 | D:1      | zarnack the Minotaur Fighter began the quest for the Orb.
     0 | D:1      | Reached XP level 1. HP: 19/19 MP: 0/0
   158 | D:2      | Found an ancient bone altar of Kikubaaqudgha.
   165 | D:2      | Reached XP level 2. HP: 8/27 MP: 1/1
   337 | D:4      | Noticed a water moccasin
   344 | D:4      | Slain by a water moccasin

Illustrated notes

Levels and vault maps discovered:
D:1:      dpeg_arrival_tiny_c, layout_basic
D:2:      layout_basic, basic_altar, ebering_ecumenical_altar_hall
D:3:      layout_basic, gammafunk_temple_overflow_wave,
          amcnicky_mini_rare_corridor_liquid, minmay_misc_feat_rows,
          uniq_natasha
D:4:      layout_cave_pods, gup_sewer_entry_bowl, uniq_menkaure, uniq_sigmund

Skill      XL: |  1  2 |
---------------+-------+-----
Shields        | 4 |  4.2
Armour         | 4 |  4.0
Fighting       | |  3.6
Long Blades    | |  2.4

Action                   || total
-------------------------++-------
Melee: Long sword        ||    24
       Headbutt          ||     3
  Use: Potion            ||     1
Armor: Scale mail        ||     8
Dodge: Dodged            ||    10
Block: Kite shield       ||    10
       Rpst.: Long sword ||     1
